 Dungeon Crawl Stone Soup version 0.17.0-15-g6d90897 (console) character file.

133 gw the Poker (level 5, 0/42 HPs)
             Began as a Merfolk Berserker on Nov 10, 2015.
             Was a Believer of Trog.
             Slain by a hound (5 damage)
             ... on level 4 of the Dungeon.
             The game lasted 00:03:38 (3963 turns).

gw the Poker (Merfolk Berserker)                    Turns: 3963, Time: 00:03:38

Health: 0/42       AC:  3    Str: 17      XL:     5   Next: 16%
Magic:  5/5        EV: 13    Int:  7      God:    Trog [**....]
Gold:   130        SH:  0    Dex: 13 (14) Spells: 0 memorised, 4 levels left

rFire  . . .     SeeInvis .     a - +0 spear
rCold  . . .     Clarity  .     b - +0 leather armour (curse)
rNeg   . . .     SustAt   .     (no shield)
rPois  .         Gourm    .     (no helmet)
rElec  .         Spirit   .     (no cloak)
rCorr  .         Warding  .     (no gloves)
rMut   .         Stasis   .     (no boots)
MR     ++...                    (no amulet)
Stlth  +.........               (no ring)
                                (no ring)

@: regenerating, very resistant to hostile enchantments, very unstealthy
A: change form in water, swift swim
a: Berserk, Trog's Hand, Burn Spellbooks, Renounce Religion


You were on level 4 of the Dungeon.
You worshipped Trog.
Trog was pleased with you.
You were near starving.

You visited 1 branch of the dungeon, and saw 4 of its levels.

You collected 130 gold pieces.

Inventory:

Hand Weapons
 a - a +0 spear (weapon)
Missiles
 d - 33 stones (quivered)
 g - 14 poisoned needles
Armour
 b - a cursed +0 leather armour (worn)
 e - a +0 ring mail
 f - a +0 ring mail
Comestibles
 c - 5 bread rations


   Skills:
 + Level 4.0 Fighting
 * Level 6.2 Polearms
 + Level 2.0 Throwing
 - Level 1.3 Armour
 + Level 3.6 Dodging


You had 4 spell levels left.
You didn't know any spells.

Dungeon Overview and Level Annotations

Branches:
Dungeon (4/15)
 Temple: D:4-7

Altars:
Cheibriados
Fedhas

Annotations:
D:4 Eustachio


Message History

The quasit claws you but does no damage. x2
Unknown command.
Unknown command.
Unknown command.
MOVING TO (-2,-4)
The hound bites you.
The crimson imp blinks!
Eustachio mumbles some strange words.
Eustachio blinks!
Unknown command.
Unknown command.
Unknown command.
MOVING TO (-1,-3) Eustachio gestures wildly while chanting.
You see here 2 murky golden potions.
Unknown command.
Unknown command.
Unknown command.
ATTACK MOVE TO (-1,1)
You barely miss the ogre. The hound bites you.
You die...

.. # #. ......
#.#.####..> ..o.Z.
.#....#..... ..... ..
#..#.... #.#.# . #.
#....## ....# ...
#.###.....##...<#
....##.m##.....#...#
......Oh##....|.<..#
..####..5.....o...##.
......<5.¤r...........
......Z.#r5.....r.....
#.......r#.............
#.....##..@...##.......
#..... .r.....# .[.....
#.....######..# .##...?


You could see Eustachio, an ogre, a hound, 2 quasits, a quokka, 2 rats and a
giant gecko skeleton.

Table legend:
 A = Turns spent in this place as a percentage of turns spent in the entire game.
 B = Non-inter-level travel turns spent in this place as a percentage of non-inter-level travel turns spent in the entire game.
 C = Inter-level travel turns spent in this place as a percentage of turns spent in this place.
 D = Turns resting spent in this place as a percentage of non-inter-level travel turns spent in this place.
 E = Turns spent auto-exploring this place as a percentage of non-inter-level travel turns spent in this place.
 F = Non-inter-level travel turns spent in this place divided by the number of levels of this place that you've seen.
                   A       B       C       D       E      F
               +-------+-------+-------+-------+-------+----------------------
         Total | 100.0 | 100.0 |   0.4 |   0.8 |   2.3 | 1396.5
       Dungeon | 100.0 | 100.0 |   0.4 |   0.8 |   2.3 | 1396.5
               +-------+-------+-------+-------+-------+----------------------

Table legend:
 A = Kills in this place as a percentage of kills in entire the game.
 B = Kills by you in this place as a percentage of kills by you in the entire game.
 C = Kills by friends in this place as a percentage of kills by friends in the entire game.
 D = Other kills in this place as a percentage of other kills in the entire game.
 E = Experience gained in this place as a percentage of experience gained in the entire game.
 F = Experience gained in this place divided by the number of levels of this place that you have seen.
                   A       B       C       D       E      F
               +-------+-------+-------+-------+-------+----------------------
         Total | 100.0 | 100.0 |  -nan |  -nan | 100.0 |  47.8
       Dungeon | 100.0 | 100.0 |  -nan |  -nan | 100.0 |  47.8
               +-------+-------+-------+-------+-------+----------------------

Vanquished Creatures
  The ghost of Ackron the Digger, a weakling DrEE (D:3)
  3 adders (D:3)
  An ooze (D:3)
  2 worms
  2 giant geckos
  A ball python (D:1)
  A bat (D:2)
  2 giant cockroaches (D:1)
  12 goblins
  A hobgoblin (D:2)
  4 jackals (D:2)
  3 quokkas (D:3)
  3 giant newts
  12 kobolds
  9 rats
57 creatures vanquished.

Notes
Turn   | Place    | Note
--------------------------------------------------------------
     0 | D:1      | gw the Merfolk Berserker began the quest for the Orb.
     0 | D:1      | Reached XP level 1. HP: 18/18 MP: 1/1
    77 | D:1      | Found a snail-covered altar of Cheibriados.
   298 | D:1      | Reached XP level 2. HP: 24/24 MP: 2/2
   320 | D:1      | Reached skill level 5 in Polearms
  1055 | D:2      | Found a blossoming altar of Fedhas.
  1142 | D:2      | Reached XP level 3. HP: 29/29 MP: 3/3
  1273 | D:2      | Reached ** piety under Trog
  1320 | D:2      | Reached skill level 1 in Throwing
  2384 | D:3      | Noticed Ackron's ghost (weakling DrEE)
  2408 | D:3      | Killed Ackron's ghost
  2408 | D:3      | Reached XP level 4. HP: 8/37 MP: 4/4
  2704 | D:3      | Reached skill level 6 in Polearms
  3255 | D:3      | Reached XP level 5. HP: 42/42 MP: 5/5
  3949 | D:4      | Noticed Eustachio
  3954 | D:4      | Noticed an ogre
  3963 | D:4      | Slain by a hound

Action                   |  1- 3 |  4- 6 || total
-------------------------+-------+-------++-------
Melee: Spear             |   191 |    96 ||   287
Throw: Stone             |    79 |    28 ||   107
Invok: Berserk           |     1 |       ||     1
       Trog's Hand       |       |     1 ||     1
  Eat: Chunk             |     5 |     4 ||     9

Vault maps used:
D:1:      dpeg_arrival_oval, cheibriados_altar_1
D:2:      fedhas_altar_2, eino_tiny_chamber
D:3:      first_bread
D:4:      minmay_temple_entry_overgrown, kennysheep_another_room, uniq_eustachio
